 Dungeon Sprint DCSS version 0.19.1 (webtiles) character file.

9490 equalderp2856 the Eviscerator (level 11, -17/53 HPs)
             Began as a Felid Fighter on Dec 20, 2016.
             Was the Champion of Fedhas.
             Killed from afar by an iron dragon (40 damage)
             ... with a spray of metal splinters
             ... in the Dungeon (Sprint IX: "|||||||||||||||||||||||||||||").
             The game lasted 00:25:11 (13114 turns).

equalderp2856 the Eviscerator (Felid Fighter)      Turns: 13114, Time: 00:25:12

Health: -17/53     AC:  5    Str: 14    XL:     11   Next: 23%
Magic:  22/22      EV: 33    Int: 14    God:    Fedhas [******]
Gold:   0          SH:  0    Dex: 17    Spells: 4 memorised, 18 levels left
                                        Lives:  0   Deaths: 3

rFire  . . .     SeeInvis +       - Unarmed
rCold  + . .     Gourm    .     (armour unavailable)
rNeg   . . .     Faith    .     (shield unavailable)
rPois  .         Spirit   .     (helmet unavailable)
rElec  .         Reflect  .     (cloak unavailable)
rCorr  .         Harm     .     (gloves unavailable)
MR     +....     NoTele   +     (boots unavailable)
Stlth  +++++++...               (no amulet)
                                m - +2 ring of protection
                                n - +3 ring of intelligence

@: repel missiles, quick
A: no armour, no weapons or thrown items, stealth, claws 1, fangs 3, see
invisible, carnivore 3, speed 1, shaggy fur 3, slow metabolism 1, sharp paws
a: Fungal Bloom, Evolution, Sunlight, Growth, Reproduction, Rain, Renounce
Religion


You were in the Dungeon.
You worshipped Fedhas.
Fedhas was exalted by your worship.
You were not hungry.

You visited 1 branch You collected 1937 gold pieces.
You spent 1937 gold pieces at shops.

Inventory:

Jewellery
 m - a +2 ring of protection (right paw)
 n - a +3 ring of intelligence (left paw)
 v - an uncursed ring of protection from cold
 w - an uncursed ring of protection from fire
 x - an uncursed ring of protection from fire
 y - an uncursed ring of protection from fire
Wands
 l - a wand of lightning (0/15)
Scrolls
 h - 2 scrolls of blinking
 j - 6 scrolls of remove curse
 k - 2 scrolls of amnesia
 o - 2 scrolls of identify
 p - 2 scrolls of recharging
 A - a scroll of fog
Potions
 a - 5 potions of cure mutation
 c - a potion of invisibility
 d - a potion of might
 e - 4 potions of haste
 f - 4 potions of magic
 g - a potion of berserk rage
 i - 4 potions of curing
 z - 2 potions of heal wounds
 B - a potion of lignification {unknown}
Books
 r - a book of Cantrips

   Spells                             Type                      Level
   a - Confusing Touch                Hexes                        1
   b - Animate Skeleton               Necromancy                   1
   c - Summon Small Mammal            Summoning                    1
   d - Apportation                    Translocation                1
 s - a book of Minor Magic

   Spells                             Type                      Level
   a - Magic Dart                     Conjuration                  1
   b - Blink                          Translocation                2
   c - Call Imp                       Summoning                    2
   d - Repel Missiles                 Charms/Air                   2
   e - Slow                           Hexes                        2
   f - Conjure Flame                  Conjuration/Fire             3
   g - Mephitic Cloud                 Conjuration/Poison/Air       3
 t - a book of Misfortune

   Spells                             Type                      Level
   a - Confusing Touch                Hexes                        1
   b - Confuse                        Hexes                        3
   c - Gell's Gravitas                Hexes/Translocation          3
   d - Petrify                        Transmutation/Earth          4
   e - Metabolic Englaciation         Hexes/Ice                    5
   f - Yara's Violent Unravelling     Hexes/Transmutation          5
 u - a book of Burglary

   Spells                             Type                      Level
   a - Swiftness                      Charms/Air                   2
   b - Passwall                       Transmutation/Earth          2
   c - Passage of Golubria            Translocation                4
   d - Lee's Rapid Deconstruction     Earth                        5
   e - Darkness                       Hexes                        6
   f - Invisibility                   Hexes                        6
Comestibles
 b - 10 meat rations
 q - 40 fruits


   Skills:
 + Level 9.4 Fighting
 + Level 18.1 Dodging
 + Level 18.0 Stealth
 + Level 24.7 Unarmed Combat
 + Level 7.2 Spellcasting
 + Level 1.8 Conjurations
 + Level 8.8 Hexes
 + Level 2.0 Charms
 + Level 5.1 Evocations


You had 18 spell levels left.
You knew the following spells:

 Your Spells              Type           Power        Failure   Level  Hunger
a - Magic Dart            Conj           ##..         10%         1    None
b - Blink                 Tloc           N/A          24%         2    None
c - Confusing Touch       Hex            ####..       1%          1    None
d - Repel Missiles        Chrm/Air       #.....       17%         2    None


Dungeon Overview and Level Annotations

Branches:
Dungeon (1/1)

Altars:
Cheibriados
Dithmenos
Elyvilon
Fedhas
Gozag
Hepliaklqana
Kikubaaqudgha
Makhleb
Nemelex Xobeh
Okawaru
Qazlal
Ru
Sif Muna
Trog
Uskayaw
Vehumet
Xom
Yredelemnul
Zin
The Shining One
Beogh
Jiyva
Lugonu

Shops:
D (?:[

Annotations:
D Jory


Innate Abilities, Weirdness & Mutations

You cannot wear armour.
You are incapable of wielding weapons or throwing items.
Your paws allow you to move quietly. (Stealth)
You have sharp claws.
You have razor-sharp teeth.
You have supernaturally acute eyesight. (SInv)
You are carnivorous and can eat meat at any time.
You cover ground quickly.
Your thick and shaggy fur keeps you warm. (AC +3, rC+)
You have a slow metabolism.
Your sharp claws are effective at attacking unaware monsters.


Message History

The yaktaur shouts!
You claw the iron dragon! Your claw misses the iron dragon.
The iron dragon is lightly wounded.
You mangle the iron dragon!!
The iron dragon is moderately wounded.
The iron dragon completely misses you. The iron dragon misses you.
The iron dragon tramples you!
You stumble backwards!
You claw the iron dragon!
The iron dragon is moderately wounded.
You scratch the iron dragon.
The iron dragon is moderately wounded.
You scratch the iron dragon.
The iron dragon is heavily wounded.
The iron dragon bites you. The iron dragon claws you!!
The iron dragon completely misses you.
The iron dragon breathes metal splinters at you.
The spray of metal splinters hits you!
Ouch! That really hurt!
You die...
Fedhas appreciates your contribution to the ecosystem.

▓▓▓▓▓▓▓▓▓▓▓▓▓▓▓▓▓▓▓▓▓▓***********
.▓...▓((.▓...▓...▓...▓,,,*,,,*,,,
.▓.▓.▓.▓.▓.▓.▓.▓@▓.▓.▓,*,*,*,*,*,
.▓.▓.▓.▓.▓.▓.▓.▓.▓.▓.▓,*,*,*,*,*,
.▓.▓)▓.▓.▓.▓.▓.▓.▓.▓.▓,*,*,*,*,*,
.▓.▓[▓.▓.▓.▓.▓.▓D▓.▓.▓,*,*,*,*,*,
.▓.▓[▓.▓.▓.▓.▓.▓.▓.▓.▓,*,*,*,*,*,
.▓.▓)▓.▓)▓.▓.▓.▓.▓.▓.▓,*,*,*,*,*,
'▓[▓)▓.▓)▓.▓.▓.▓.▓.▓.▓,*+*,*,*,*+
.▓[▓.▓.▓(▓.▓.▓.▓c▓.▓.▓,*,*,*,*,*,
.▓.▓.▓.▓'▓.▓.▓.▓.▓.▓.▓,*,*,*,*,*,


You could see an iron dragon and a yaktaur.

Vanquished Creatures
  Gastronok (D)
  Frances (D)
  Louise (D)
  2 stone giants (D)
  A spark wasp (D)
  An ettin (D)
  A rakshasa (D)
  2 hydras (D)
  An ice dragon (D)
  3 ogre magi (D)
  A deep troll earth mage (D)
  Urug (D)
  2 shock serpents (D)
  A naga sharpshooter (D)
  2 wizards (D)
  2 sea snakes (D)
  4 orc knights (D)
  3 wolf spiders (D)
  2 manticores (D)
  A cyclops (D)
  An orc sorcerer (D)
  A water nymph (D)
  4 naga magi (D)
  A black mamba (D)
  A komodo dragon (D)
  4 spiny frogs (D)
  3 demonic crawlers (D)
  A yaktaur (D)
  A merfolk (D)
  5 two-headed ogres (D)
  A tyrant leech (D)
  2 hippogriffs (D)
  2 snapping turtles (D)
  2 shadows (D)
  A yak (D)
  A wraith (D)
  A water elemental (D)
  A basilisk (D)
  Grum (D)
  3 tarantellas (D)
  A wyvern (D)
  2 wargs (D)
  A naga (D)
  A vampire mosquito (D)
  A water moccasin (D)
  5 porcupines (D)
  2 hell hounds (D)
  A floating eye (D)
  A phantom (D)
  A swamp drake (D)
  11 orc warriors (D)
  6 ogres (D)
  8 wolves (D)
  A centaur (D)
  2 crocodiles (D)
  3 bullfrogs (D)
  A wight (D)
  2 orc priests (D)
  2 hounds (D)
  An iguana (D)
  4 orc wizards (D)
  A worker ant (D)
  3 adders (D)
  A shadow imp (D)
  An adder skeleton (D)
  6 orcs (D)
  A giant cockroach (D)
  2 hobgoblins (D)
  A jackal (D)
  A giant cockroach zombie (D)
  A leopard gecko zombie (D)
  A quokka skeleton (D)
  A rat (D)
147 creatures vanquished.

Vanquished Creatures (others)
  An alligator (D)
  A swamp drake (D)
2 creatures vanquished.

Grand Total: 149 creatures vanquished

Notes
Turn   | Place    | Note
-------+----------+-------------------------------------------
     0 | D        | equalderp2856 the Felid Fighter began the quest for the Orb.
     0 | D        | Reached XP level 1. HP: 10/10 MP: 2/2
    16 | D        | Noticed a hound
    16 | D        | Noticed a phantom
    27 | D        | Reached skill level 5 in Unarmed Combat
    27 | D        | Reached XP level 2. HP: 15/15 MP: 3/3
    30 | D        | Reached skill level 5 in Dodging
    30 | D        | Reached skill level 6 in Unarmed Combat
    30 | D        | Reached XP level 3. HP: 18/18 MP: 4/4
    46 | D        | Killed a phantom
    46 | D        | Reached skill level 5 in Fighting
    46 | D        | Reached skill level 9 in Unarmed Combat
    46 | D        | Reached XP level 4. HP: 20/23 MP: 5/5
    46 | D        | Reached XP level 5. HP: 23/26 MP: 6/6
    84 | D        | Found a roughly hewn altar of Beogh.
    84 | D        | Found a snail-covered altar of Cheibriados.
    84 | D        | Found a shadowy altar of Dithmenos.
    84 | D        | Found a white marble altar of Elyvilon.
    84 | D        | Found a blossoming altar of Fedhas.
    84 | D        | Found an opulent altar of Gozag.
    85 | D        | Found a hazy altar of Hepliaklqana.
    86 | D        | Found a viscous altar of Jiyva.
    87 | D        | Found an ancient bone altar of Kikubaaqudgha.
    88 | D        | Found a corrupted altar of Lugonu.
    89 | D        | Found a burning altar of Makhleb.
    90 | D        | Found a sparkling altar of Nemelex Xobeh.
    91 | D        | Found an iron altar of Okawaru.
    93 | D        | Became a worshipper of Fedhas Madash
    95 | D        | Found a stormy altar of Qazlal.
    96 | D        | Found a sacrificial altar of Ru.
    97 | D        | Found a deep blue altar of Sif Muna.
    98 | D        | Found a bloodstained altar of Trog.
    99 | D        | Found a hide-covered altar of Uskayaw.
   100 | D        | Found a radiant altar of Vehumet.
   101 | D        | Found a shimmering altar of Xom.
   102 | D        | Found a basalt altar of Yredelemnul.
   103 | D        | Found a glowing silver altar of Zin.
   104 | D        | Found a glowing golden altar of the Shining One.
   131 | D        | Noticed a wyvern
   146 | D        | Reached skill level 10 in Unarmed Combat
   158 | D        | Killed a wyvern
   158 | D        | Reached skill level 1 in Stealth
   158 | D        | Reached skill level 11 in Unarmed Combat
   158 | D        | Gained mutation: You are covered in thick fur. (AC +2) [Felid growth]
   158 | D        | Reached XP level 6. HP: 30/31 MP: 7/7
   204 | D        | Noticed a seven-headed hydra
   204 | D        | Noticed an orc warrior
   250 | D        | Reached * piety under Fedhas
   270 | D        | Reached ** piety under Fedhas
   298 | D        | Killed an orc warrior
   298 | D        | Reached skill level 12 in Unarmed Combat
   298 | D        | Reached XP level 7. HP: 35/35 MP: 8/8
   316 | D        | Killed a seven-headed hydra
   316 | D        | Reached skill level 14 in Unarmed Combat
   316 | D        | Reached XP level 8. HP: 5/40 MP: 8/10
   376 | D        | Reached *** piety under Fedhas
   537 | D        | Reached **** piety under Fedhas
   702 | D        | Noticed a komodo dragon
   714 | D        | Noticed a hippogriff
   719 | D        | Killed a komodo dragon
   719 | D        | Reached skill level 15 in Unarmed Combat
   725 | D        | Reached XP level 9. HP: 29/44 MP: 12/12
   937 | D        | Reached ***** piety under Fedhas
  1077 | D        | Noticed a spiny frog
  1084 | D        | Reached skill level 16 in Unarmed Combat
  1312 | D        | Reached skill level 5 in Stealth
  1351 | D        | Killed a spiny frog
  1655 | D        | Reached skill level 5 in Evocations
  1660 | D        | Reached skill level 17 in Unarmed Combat
  1844 | D        | Reached XP level 10. HP: 47/48 MP: 14/14
  1951 | D        | Noticed Urug
  1958 | D        | Killed Urug
  1958 | D        | Reached skill level 18 in Unarmed Combat
  2025 | D        | Noticed an orc knight
  2108 | D        | Reached ****** piety under Fedhas
  2445 | D        | Killed an orc knight
  2575 | D        | Noticed an orc knight
  2575 | D        | Noticed an orc knight
  2576 | D        | Noticed an orc knight
  2749 | D        | Killed an orc knight
  2889 | D        | Reached skill level 19 in Unarmed Combat
  3332 | D        | Killed an orc knight
  3332 | D        | Reached skill level 15 in Dodging
  3332 | D        | Reached skill level 10 in Stealth
  3744 | D        | Killed an orc knight
  3990 | D        | Noticed an orc sorcerer
  4007 | D        | Killed an orc sorcerer
  4007 | D        | Reached XP level 11. HP: 47/52 MP: 15/15
  4199 | D        | Found Sojix's Antique Weapon Emporium.
  4199 | D        | Noticed an ogre mage
  4202 | D        | Found Fuotasy's Magic Scroll Shoppe.
  4206 | D        | Found Xecwigeu's Book Emporium.
  4216 | D        | Killed an ogre mage
  4216 | D        | Reached skill level 20 in Unarmed Combat
  4406 | D        | Noticed an ogre mage
  4418 | D        | Killed an ogre mage
  4450 | D        | Found Qonte's Antique Armour Shoppe.
  4543 | D        | Noticed Grum
  4554 | D        | Killed Grum
  4731 | D        | Bought a book of Cantrips for 260 gold pieces
  4731 | D        | Bought a book of Minor Magic for 260 gold pieces
  4731 | D        | Bought a book of Misfortune for 260 gold pieces
  4731 | D        | Bought a book of Burglary for 975 gold pieces
  4733 | D        | Bought a scroll of magic mapping for 49 gold pieces
  4733 | D        | Bought a scroll of recharging for 133 gold pieces
  4768 | D        | Learned a level 1 spell: Magic Dart
  4771 | D        | Learned a level 2 spell: Blink
  4773 | D        | Learned a level 1 spell: Confusing Touch
  4776 | D        | Learned a level 2 spell: Repel Missiles
  4889 | D        | Noticed a five-headed hydra
  4983 | D        | Noticed a wizard
  4985 | D        | Noticed an ettin
  4986 | D        | Killed a five-headed hydra
  4986 | D        | Reached skill level 21 in Unarmed Combat
  4987 | D        | Noticed a stone giant
  5201 | D        | HP: 1/53 [stone giant (34)]
  7736 | D        | Killed a stone giant
  7736 | D        | Reached skill level 1 in Spellcasting
  8102 | D        | Killed a wizard
  8108 | D        | Slain by an ettin
  8109 | D        | Reached XP level 10. HP: -3/49 MP: 14/14
  8204 | D        | Noticed an alligator
  8204 | D        | Noticed a spiny frog
  8204 | D        | Noticed a spiny frog
  8221 | D        | Killed a spiny frog
  8228 | D        | Killed a spiny frog
  8228 | D        | Reached XP level 11. HP: 45/53 MP: 14/16
  8228 | D        | Killed an alligator
  8253 | D        | Reached skill level 5 in Hexes
  8353 | D        | Noticed a wolf spider
  8353 | D        | Noticed a wolf spider
  8353 | D        | Noticed a wolf spider
  8359 | D        | Killed a wolf spider
  8365 | D        | Killed a wolf spider
  8365 | D        | Reached skill level 22 in Unarmed Combat
  8506 | D        | Killed a wolf spider
  8812 | D        | Noticed a sea snake
  8814 | D        | Killed a sea snake
  8815 | D        | Noticed a sea snake
  9543 | D        | Killed a sea snake
  9669 | D        | Noticed a shock serpent
  9669 | D        | Noticed a shock serpent
  9669 | D        | Noticed a naga sharpshooter
  9675 | D        | Killed a naga sharpshooter
  9752 | D        | Reached skill level 5 in Spellcasting
  9957 | D        | Killed a shock serpent
  9957 | D        | Reached skill level 23 in Unarmed Combat
 10082 | D        | Killed a shock serpent
 10082 | D        | Reached skill level 15 in Stealth
 10082 | D        | Reached skill level 1 in Conjurations
 10082 | D        | Gained mutation: Your thick and shaggy fur keeps you warm. (AC +3, rC+) [Felid growth]
 10082 | D        | Reached XP level 12. HP: 35/57 MP: 20/20
 10587 | D        | Noticed Gastronok
 10602 | D        | Killed Gastronok
 10608 | D        | Noticed Frances
 10615 | D        | Killed Frances
 10653 | D        | Noticed an ice dragon
 10655 | D        | Killed an ice dragon
 10665 | D        | Noticed an ogre mage
 10681 | D        | Killed an ogre mage
 10862 | D        | Noticed a stone giant
 11459 | D        | Killed a stone giant
 11459 | D        | Reached skill level 24 in Unarmed Combat
 11598 | D        | Noticed a rakshasa
 11610 | D        | Killed a rakshasa
 11610 | D        | Reached skill level 1 in Charms
 11635 | D        | Killed an ettin
 12711 | D        | Noticed a deep troll earth mage
 12711 | D        | Noticed a spark wasp
 12711 | D        | Noticed an iron dragon
 12712 | D        | Noticed a spriggan air mage
 12724 | D        | Paralysed by a floating eye for 3 turns
 12726 | D        | Demolished by a deep troll earth mage
 12727 | D        | Reached XP level 11. HP: -14/53 MP: 22/22
 12745 | D        | Noticed Louise
 12763 | D        | Killed Louise
 12963 | D        | Noticed Jory
 12969 | D        | Killed from afar by Jory
 12970 | D        | Reached XP level 10. HP: -58/49 MP: 21/21
 13076 | D        | Killed a wizard
 13076 | D        | Reached XP level 11. HP: 53/53 MP: 22/22
 13090 | D        | Killed a deep troll earth mage
 13098 | D        | Killed a spark wasp
 13100 | D        | Paralysed by a floating eye for 3 turns
 13114 | D        | Killed from afar by an iron dragon

Skill      XL: |  1  2  3  4  5  6  7  8  9 10 11 12 |
---------------+-------------------------------------+-----
Unarmed Combat | 5 6 9 11 12 14 15 17 19 23 24 | 24.7
Fighting       | 4 5 6 7 8 9 |  9.4
Dodging        | 5 6 8 9 11 12 14 15 17 18 | 18.1
Stealth        | 1 2 3 4 7 10 18 17 | 18.0
Evocations     | 2 3 5 |  5.1
Spellcasting   | 7 6 |  7.2
Hexes          | 4 7 8 |  8.8
Conjurations   | 1 |  1.8
Charms         | 2 1 |  2.0

Action                   |  1- 3 |  4- 6 |  7- 9 | 10-12 || total
-------------------------+-------+-------+-------+-------++-------
Melee: Unarmed           |    32 |    33 |   100 |   453 ||   618
       Bite              |     3 |     2 |    15 |    62 ||    82
       Punch             |       |     4 |    10 |    42 ||    56
 Cast: Confusing Touch   |       |       |       |    15 ||    15
       Magic Dart        |       |       |       |    10 ||    10
       Repel Missiles    |       |       |       |     2 ||     2
Evoke: Wand              |       |     4 |     3 |       ||     7
  Use: Potion            |     2 |     2 |     1 |     2 ||     7
       Scroll            |       |       |       |     2 ||     2
 Stab: Distracted        |       |       |     1 |     9 ||    10
       Sleeping          |       |       |       |    10 ||    10
       Confused          |       |       |       |     5 ||     5
  Eat: Meat ration       |       |       |       |     3 ||     3
Armor: Skin              |       |     3 |     2 |    12 ||    17
Dodge: Dodged            |    20 |    27 |    76 |   295 ||   418
       Deflected         |       |       |       |     3 ||     3
